 Dungeon Crawl Stone Soup version 0.31-a0-675-g238779eb0a (webtiles) character file.

Game seed: 4748689614612541697

73913 qw the Marksgargoyle (level 15, -6/100 HPs)
             Began as a Gargoyle Hunter on Sept 5, 2023.
             Was a Priest of Okawaru.
             Mangled by a large abomination (27 damage)
             ... on level 2 of the Abyss.
             The game lasted 00:10:40 (18292 turns).

qw the Marksgargoyle (Gargoyle Hunter)             Turns: 18292, Time: 00:10:41

Health: -6/100     AC: 24    Str: 15    XL:     15   Next: 45%
Magic:  21/22      EV: 22    Int: 11    God:    Okawaru [***...]
Gold:   401        SH:  0    Dex: 22    Spells: 14/14 levels left

rFire   + . .        Y - +3 longbow (flame)
rCold   . . .        (shield currently unavailable)
rNeg    + + .        h - +2 leather armour of the Feeding Gods {rF+}
rPois   inf          m - +1 helmet
rElec   +            (no cloak)
rCorr   +            q - +1 pair of gloves {Dex+3}
SInv    .            y - +0 pair of boots
Will    +....        c - amulet of faith
Stlth   +++          d - ring of resist corrosion
HPRegen 0.36/turn    s - ring of positive energy
MPRegen 0.18/turn

%: faith
@: heroic, flying, wreathed by umbra
A: sickness immunity, AC +11, big wings, negative energy resistance 1,
electricity resistance, torment resistance 1, petrification resistance, subdued
magic 1
a: Renounce Religion, Heroism


You were on level 2 of the Abyss.
You worshipped Okawaru.
Okawaru was most pleased with you.
You visited 2 branches of the dungeon, and saw 18 of its levels.
You visited the Abyss 1 time.

You collected 805 gold pieces.
You spent 404 gold pieces at shops.


Innate Abilities, Weirdness & Mutations

You are immune to sickness and miasma.
Your stone body is resilient. (AC +11)
You are immune to poison.
Your large and strong wings let you fly.
You resist negative energy. (rN+)
You are resistant to electric shocks. (rElec)
You are resistant to unholy torment.
You are immune to petrification.
Your spells are a little easier to cast, but a little less powerful.


   Skills:
 - Level 14.0(19.0) Fighting
 + Level 19.4(24.4) Ranged Weapons
 - Level 6.1(11.1) Armour
 - Level 8.2(13.2) Dodging
 - Level 1.1(6.1) Stealth
 - Level 10.0 Invocations


You had 14 spell levels left.
You didn't know any spells.
Your spell library was empty.

Inventory:

Hand Weapons
 Y - a +3 longbow of flaming (weapon)
Armour
 h - the +2 leather armour of the Feeding Gods (worn) {rF+}
   (You found it on level 3 of the Dungeon)

   rF+:       It protects you from fire.
 m - a +1 helmet (worn)
 q - a +1 pair of gloves of dexterity (worn)
 t - the +3 hat of Pondering {ponderous, Will+ MP+10 Int+5}
   (You took it off Gastronok on level 1 of the Lair of Beasts)

   Int+5:     It affects your intelligence (+5).
   Will+:     It increases your willpower.
   MP+10:     It affects your magic capacity (+10).
 x - the +2 ring mail of the Evening Star {Slay+2}
   (Okawaru gifted it to you on level 5 of the Lair of Beasts)

   Slay+2:    It affects your accuracy & damage with ranged weapons and melee
   (+2).
 y - a +0 pair of boots (worn)
Jewellery
 a - an amulet of regeneration
 c - an amulet of faith (around neck)
 d - a ring of resist corrosion (left hand)
 r - a ring of fire
 s - a ring of positive energy (right hand)
Wands
 w - a wand of digging (15)
Scrolls
 f - 11 scrolls of identify
Potions
 e - 7 potions of curing
 g - 2 potions of resistance
 i - 2 potions of cancellation
 j - 3 potions of haste
 l - 3 potions of enlightenment
 o - a potion of mutation
 p - 3 potions of might

Dungeon Overview and Level Annotations

Branches:
Dungeon (13/15)            Temple (0/1) D:7            Lair (5/5) D:9
 Shoals (0/4) Lair:2       Spider (0/4) Lair:2        Slime (0/5) Lair:5
    Orc (0/2) D:11
 Vaults: D:13-14

Altars:
Ashenzari
Cheibriados
Dithmenos
Hepliaklqana
Okawaru
Ru
Trog
The Shining One

Shops:
D:1 ?   D:9 !   D:10 *

Annotations:
D:12 2 transporters, BraveToast's ghost, journeyman FoFi
Lair:3 1 runed translucent door


Message History

You shoot an arrow.
The arrow barely misses the profane servitor.
A large abomination comes into view.
The profane servitor hits you with a +1 whip of electrocution!
The profane servitor hits you but does no damage.
You shoot an arrow.
The arrow barely misses the profane servitor.
The profane servitor hits you with a +1 whip of electrocution!
The profane servitor misses you.
You shoot an arrow. The arrow misses the profane servitor.
The profane servitor barely misses you.
The profane servitor hits you with a +1 whip of electrocution.
You shoot an arrow. The arrow hits the profane servitor!!
The arrow burns the profane servitor!
The profane servitor is moderately damaged.
The profane servitor completely misses you.
The profane servitor hits you with a +1 whip of electrocution.
You shoot an arrow.
The arrow completely misses the profane servitor.
The profane servitor hits you with a +1 whip of electrocution.
The profane servitor completely misses you.
You shoot an arrow.
The arrow hits the profane servitor but does no damage.
The profane servitor is moderately damaged.
The profane servitor hits you but does no damage.
The profane servitor completely misses you.
The large abomination hits you.
You shoot an arrow.
The arrow completely misses the profane servitor.
The profane servitor hits you but does no damage. x2
You shoot an arrow.
The arrow completely misses the profane servitor.
The profane servitor completely misses you.
The profane servitor misses you.
The large abomination completely misses you.
You shoot an arrow.
The arrow completely misses the profane servitor.
The profane servitor hits you but does no damage.
The profane servitor misses you. The large abomination hits you!!
You die...

## ###
.###.
##
...##
##
......#
#A#..##
##@.#
##X.#
.#.## .
.. .#.
.## #.
# ## .#
. . ..


You could see a profane servitor and a large abomination.

Vanquished Creatures
  Rupert (D:12)
  Kirke (D:12)
  Gastronok (Lair:1)
  Nessos (Lair:5)
  A dire elephant (Lair:5)
  3 hydras (Lair:4)
  3 catoblepae
  A two-headed ogre (D:10)
  2 boulder beetles
  Erica (Lair:1)
  A deep troll shaman (Lair:5)
  11 death yaks
  2 tengu warriors (D:13)
  A hell hog (Abyss:2)
  Nergalle (Lair:1)
  3 skysharks
  A large abomination (Abyss:2)
  An obsidian statue (D:12)
  2 cyclopes
  An ugly thing (D:11)
  2 oklob plants (Lair:5)
  A manticore (D:12)
  31 elephants
  An ice statue (D:12)
  A merfolk siren (Lair:2)
  A rust devil (Abyss:2)
  A torpor snail (Lair:2)
  10 black mambas
  2 cane toads
  13 komodo dragons
  5 kobold demonologists
  3 rime drakes
  5 trolls
  5 polar bears
  A hornet (D:9)
  3 merfolk (Lair:2)
  6 slime creatures (D:12)
  7 raiju (Abyss:2)
  9 blink frogs
  2 culicivoras (Lair:2)
  3 wyverns
  3 vampires
  2 wraiths
  63 yaks
  3 humans (D:12)
  7 basilisks
  18 vampire mosquitoes
  2 steam dragons (D:8)
  3 acid dragons
  7 water moccasins
  3 black bears
  3 orc warriors
  An ice beast (D:4)
  18 wolves
  2 centaurs
  A phantom (D:4)
  A small abomination (Abyss:2)
  6 kobold brigands
  15 bullfrogs
  A wyvern zombie (D:7)
  3 scorpions (D:5)
  A water moccasin zombie (D:7)
  11 wights
  15 killer bees
  3 howler monkeys
  A bullfrog zombie (D:7)
  3 jellies
  4 orc priests
  A gnoll bouda (D:6)
  4 hounds
  A sleepcap (D:8)
  Jessica (D:2)
  4 iguanas
  6 orc wizards
  2 killer bee zombies (D:7)
  2 howler monkey zombies (D:7)
  Robin (D:4)
  7 gnolls
  11 adders
  3 white imps
  3 ufetubi (Abyss:2)
  6 dart slugs
  38 orcs
  3 bats
  2 endoplasms
  2 giant cockroaches
  12 goblins
  6 hobgoblins
  4 jackals (D:1)
  3 quokkas
  8 ball pythons
  5 frilled lizards
  25 kobolds
  6 rats
517 creatures vanquished.

Notes
Turn   | Place    | Note
-------+----------+-------------------------------------------
     0 | D:1      | qw the Gargoyle Hunter began the quest for the Orb.
     0 | D:1      | Reached XP level 1. HP: 12/12 MP: 1/1
     0 | D:1      | 0 ||| qw: Version: 0.3-a-75-g829b12e
     0 | D:1      | 0 ||| qw: Game counter: 41
     0 | D:1      | 0 ||| qw: Melee chars always use a shield: true
     0 | D:1      | 0 ||| qw: God list: Okawaru
     0 | D:1      | 0 ||| qw: Allow faded altars: false
     0 | D:1      | 0 ||| qw: Do Orc after clearing Dungeon:15 true
     0 | D:1      | 0 ||| qw: Do second Lair branch before Depths: true
     0 | D:1      | 0 ||| qw: Lair rune preference: random
     0 | D:1      | 0 ||| qw: Goals: Normal
     0 | D:1      | 0 ||| PLANNING D:1-11
   111 | D:1      | Reached XP level 2. HP: 6/17 MP: 2/2
   375 | D:1      | 375 ||| Stepping ~*~*~tactically~*~*~ (retreating).
   429 | D:1      | Reached XP level 3. HP: 21/21 MP: 3/3
   587 | D:1      | Reached skill level 5 in Ranged Weapons
   628 | D:1      | Found a faded altar of an unknown god.
   666 | D:1      | Found Angugiuff's Magic Scroll Emporium.
   669 | D:1      | 669 ||| SHOPLISTING scroll of brand weapon (95 gold, have
                  | 55).
   669 | D:1      | 669 ||| SHOPLISTING scroll of enchant weapon (75 gold, have
                  | 55).
   669 | D:1      | 669 ||| BUYING scroll of identify (20 gold).
   669 | D:1      | Bought a scroll of identify for 20 gold pieces
   669 | D:1      | 669 ||| BUYING scroll of identify (20 gold).
   669 | D:1      | Bought a scroll of identify for 20 gold pieces
   669 | D:1      | 669 ||| SHOPLISTING scroll of identify (20 gold, have 15).
   841 | D:1      | 841 ||| UPGRADING to +0 ring mail.
   851 | D:1      | 851 ||| DROPPING +0 leather armour.
   852 | D:1      | 852 ||| UPGRADING to +0 helmet.
   857 | D:1      | 857 ||| UPGRADING to amulet of guardian spirit.
   862 | D:1      | 862 ||| DROPPING ring of wizardry.
   863 | D:1      | 863 ||| READING scroll labelled BUSALLUEDU.
   864 | D:1      | 864 ||| DRINKING 2 fuming amethyst potions.
   865 | D:1      | 865 ||| DRINKING 2 purple potions.
   866 | D:1      | 866 ||| DRINKING 2 fuming inky potions.
   866 | D:1      | Gained mutation: Your spells are a little easier to cast,
                  | but a little less powerful. [potion of mutation]
   867 | D:1      | 867 ||| READING 3 scrolls of identify.
   867 | D:1      | 867 ||| IDENTIFYING emerald potion
   868 | D:1      | 868 ||| READING 2 scrolls of identify.
   868 | D:1      | 868 ||| IDENTIFYING green potion
   869 | D:1      | 869 ||| DROPPING scroll of butterflies.
   870 | D:1      | 870 ||| DROPPING potion of invisibility.
   871 | D:1      | 871 ||| DROPPING potion of attraction.
   928 | D:2      | 928 ||| STAIRDANCE
   957 | D:2      | 957 ||| STAIRDANCE
   962 | D:1      | Reached skill level 1 in Armour
   974 | D:1      | 974 ||| UPGRADING to amulet of regeneration.
   984 | D:1      | 984 ||| DROPPING amulet of guardian spirit.
  1056 | D:2      | Reached XP level 4. HP: 27/27 MP: 4/4
  1132 | D:2      | Noticed Jessica
  1134 | D:2      | Killed Jessica
  1135 | D:2      | Reached skill level 3 in Fighting
  1426 | D:2      | 1426 ||| UPGRADING to +2 robe.
  1436 | D:2      | 1436 ||| DROPPING +0 ring mail.
  1437 | D:2      | 1437 ||| DROPPING amulet of the acrobat.
  1438 | D:2      | 1438 ||| DRINKING 2 coppery potions.
  1439 | D:2      | 1439 ||| DRINKING 4 fuming white potions.
  1440 | D:2      | 1440 ||| READING 2 scrolls of identify.
  1440 | D:2      | 1440 ||| IDENTIFYING inky potion
  1441 | D:2      | 1441 ||| DROPPING potion of magic.
  1542 | D:3      | Reached XP level 5. HP: 32/32 MP: 5/5
  1597 | D:3      | 1597 ||| SWAPPING to +0 orcbow.
  1603 | D:3      | 1603 ||| DROPPING +0 shortbow.
  1799 | D:3      | Noticed Robin
  1802 | D:3      | 1802 ||| Stepping ~*~*~tactically~*~*~ (outnumbered).
  1806 | D:3      | 1806 ||| Stepping ~*~*~tactically~*~*~ (outnumbered).
  1838 | D:3      | Identified the +2 leather armour of the Feeding Gods {rF+}
  2141 | D:3      | 2141 ||| UPGRADING to +2 leather armour of the Feeding Gods
                  | {rF+}.
  2151 | D:3      | 2151 ||| DROPPING +2 robe.
  2152 | D:3      | 2152 ||| UPGRADING to ring of resist corrosion.
  2153 | D:3      | 2153 ||| READING scroll labelled WYOCOEG SUAM.
  2204 | D:4      | Noticed a phantom
  2224 | D:4      | Killed a phantom
  2225 | D:4      | Reached skill level 6 in Ranged Weapons
  2225 | D:4      | Reached XP level 6. HP: 37/37 MP: 6/6
  2235 | D:4      | 2235 ||| READING scroll of enchant armour.
  2235 | D:4      | 2235 ||| ENCHANTING +0 helmet.
  2430 | D:4      | Killed Robin
  2436 | D:4      | Noticed an orc warrior
  2437 | D:4      | 2437 ||| RETREATING.
  2457 | D:4      | HP: 9/38 [orc warrior/+0 war axe (6)]
  2458 | D:4      | 2458 ||| DRINKING 4 potions of heal wounds.
  2466 | D:4      | Killed an orc warrior
  2467 | D:4      | Reached skill level 7 in Ranged Weapons
  2467 | D:4      | Reached XP level 7. HP: 35/43 MP: 7/7
  2788 | D:4      | 2788 ||| UPGRADING to amulet of faith.
  2801 | D:5      | Entered Level 5 of the Dungeon
  2847 | D:5      | 2847 ||| DRINKING 2 potions of curing.
  2847 | D:5      | 2847 ||| (to cure confusion)
  2881 | D:5      | Found an iron altar of Okawaru.
  2882 | D:5      | 2882 ||| PLANNING OKAWARU WORSHIP
  2882 | D:5      | 2882 ||| READING 2 scrolls of identify.
  2882 | D:5      | 2882 ||| IDENTIFYING viscous pink potion
  2894 | D:5      | Reached skill level 8 in Ranged Weapons
  2895 | D:5      | Became a worshipper of Warmaster Okawaru
  2896 | D:5      | 2896 ||| PLANNING D:1-11
  2983 | D:5      | You fall into a shaft and drop 3 floors!
  3010 | D:7      | Found a staircase to the Ecumenical Temple.
  3115 | D:7      | Reached XP level 8. HP: 39/49 MP: 8/8
  3122 | D:7      | HP: 4/49 [wight/+0 dire flail (12)]
  3123 | D:7      | 3123 ||| DRINKING 3 potions of heal wounds.
  3279 | D:7      | HP: 9/49 [orc priest/divine providence (13)]
  3280 | D:7      | 3280 ||| DRINKING 2 potions of heal wounds.
  3282 | D:7      | Reached * piety under Okawaru
  3283 | D:7      | 3283 ||| INVOKING Heroism.
  3514 | D:7      | Reached skill level 9 in Ranged Weapons
  3581 | D:7      | 3581 ||| INVOKING Heroism.
  3616 | D:7      | 3616 ||| UPGRADING to +1 pair of gloves of dexterity.
  3621 | D:7      | 3621 ||| READING scroll labelled NEOZ NISSUNYLO.
  3628 | D:7      | 3628 ||| RETREATING.
  3631 | D:7      | Reached skill level 6 in Fighting
  3631 | D:7      | 3631 ||| Stepping ~*~*~tactically~*~*~ (retreating).
  3632 | D:7      | 3632 ||| Stepping ~*~*~tactically~*~*~ (retreating).
  3633 | D:7      | 3633 ||| Stepping ~*~*~tactically~*~*~ (retreating).
  3634 | D:7      | 3634 ||| Stepping ~*~*~tactically~*~*~ (retreating).
  3635 | D:7      | 3635 ||| Stepping ~*~*~tactically~*~*~ (retreating).
  3636 | D:7      | 3636 ||| Stepping ~*~*~tactically~*~*~ (retreating).
  3637 | D:7      | 3637 ||| Stepping ~*~*~tactically~*~*~ (retreating).
  3653 | D:7      | Reached skill level 1 in Invocations
  3658 | D:7      | 3658 ||| INVOKING Heroism.
  3666 | D:7      | Reached skill level 3 in Dodging
  3789 | D:7      | 3789 ||| READING scroll labelled ITIWKAMUTSO.
  3796 | D:7      | 3796 ||| FLEEEEING.
  3802 | D:7      | 3802 ||| FLEEEEING.
  3804 | D:7      | 3804 ||| FLEEEEING.
  3805 | D:7      | 3805 ||| FLEEEEING.
  3806 | D:7      | 3806 ||| FLEEEEING.
  3807 | D:7      | 3807 ||| FLEEEEING.
  3808 | D:7      | 3808 ||| FLEEEEING.
  3814 | D:7      | 3814 ||| FLEEEEING.
  3815 | D:7      | 3815 ||| FLEEEEING.
  3816 | D:7      | 3816 ||| FLEEEEING.
  3817 | D:7      | 3817 ||| FLEEEEING.
  3820 | D:7      | 3820 ||| FLEEEEING.
  3821 | D:7      | 3821 ||| FLEEEEING.
  3822 | D:7      | 3822 ||| FLEEEEING.
  3823 | D:7      | 3823 ||| FLEEEEING.
  3824 | D:7      | 3824 ||| FLEEEEING.
  3825 | D:7      | 3825 ||| FLEEEEING.
  3826 | D:7      | 3826 ||| FLEEEEING.
  3827 | D:7      | 3827 ||| FLEEEEING.
  3828 | D:7      | 3828 ||| FLEEEEING.
  3829 | D:7      | 3829 ||| FLEEEEING.
  3830 | D:7      | 3830 ||| FLEEEEING.
  3831 | D:7      | 3831 ||| FLEEEEING.
  3832 | D:7      | 3832 ||| STAIRDANCE
  3919 | D:5      | 3919 ||| FLEEEEING.
  3921 | D:5      | 3921 ||| DRINKING 2 potions of curing.
  3921 | D:5      | 3921 ||| (to cure confusion)
  3926 | D:5      | 3926 ||| FLEEEEING.
  3927 | D:5      | 3927 ||| FLEEEEING.
  4098 | D:5      | Reached skill level 3 in Invocations
  4230 | D:5      | 4230 ||| READING 3 scrolls labelled SIESHR ZO FIT.
  4231 | D:5      | 4231 ||| READING 2 scrolls of identify.
  4231 | D:5      | 4231 ||| IDENTIFYING clear potion
  4232 | D:5      | 4232 ||| DROPPING potion of brilliance.
  4233 | D:5      | 4233 ||| DROPPING 2 scrolls of noise.
  4330 | D:6      | Reached XP level 9. HP: 55/55 MP: 11/11
  4336 | D:6      | Found a broken altar of Ashenzari.
  4365 | D:6      | Found a snail-covered altar of Cheibriados.
  4468 | D:6      | 4468 ||| INVOKING Heroism.
  4903 | D:6      | 4903 ||| READING scroll labelled TARRIESAZI.
  4904 | D:6      | 4904 ||| READING scroll labelled BENO CUFEI.
  4905 | D:6      | 4905 ||| READING 2 scrolls of identify.
  4905 | D:6      | 4905 ||| IDENTIFYING white potion
  4982 | D:7      | 4982 ||| Stepping ~*~*~tactically~*~*~ (retreating).
  4983 | D:7      | 4983 ||| Stepping ~*~*~tactically~*~*~ (retreating).
  5001 | D:7      | 5001 ||| INVOKING Heroism.
  5004 | D:7      | Reached skill level 10 in Ranged Weapons
  5394 | D:7      | 5394 ||| INVOKING Heroism.
  5552 | D:8      | 5552 ||| INVOKING Heroism.
  5625 | D:8      | 5625 ||| INVOKING Heroism.
  5675 | D:8      | 5675 ||| Stepping ~*~*~tactically~*~*~ (retreating).
  5676 | D:8      | 5676 ||| Stepping ~*~*~tactically~*~*~ (retreating).
  5681 | D:8      | Reached ** piety under Okawaru
  5691 | D:8      | 5691 ||| INVOKING Heroism.
  5705 | D:8      | Reached skill level 11 in Ranged Weapons
  5975 | D:8      | 5975 ||| INVOKING Heroism.
  6156 | D:8      | 6156 ||| INVOKING Heroism.
  6163 | D:8      | Reached XP level 10. HP: 63/63 MP: 10/13
  6245 | D:8      | 6245 ||| READING 2 scrolls of identify.
  6245 | D:8      | 6245 ||| IDENTIFYING fuming purple potion
  6279 | D:9      | 6279 ||| INVOKING Heroism.
  6357 | D:9      | 6357 ||| READING scroll of enchant weapon.
  6357 | D:9      | 6357 ||| ENCHANTING +1 orcbow.
  6372 | D:9      | Found a sacrificial altar of Ru.
  6491 | D:9      | Noticed an elephant
  6493 | D:9      | 6493 ||| RETREATING.
  6495 | D:9      | 6495 ||| RETREATING.
  6505 | D:9      | 6505 ||| Stepping ~*~*~tactically~*~*~ (retreating).
  6506 | D:9      | 6506 ||| Stepping ~*~*~tactically~*~*~ (retreating).
  6508 | D:9      | 6508 ||| INVOKING Heroism.
  6515 | D:9      | Killed an elephant
  6515 | D:9      | Reached *** piety under Okawaru
  6524 | D:9      | Reached skill level 12 in Ranged Weapons
  6667 | D:9      | Found a staircase to the Lair.
  6739 | D:9      | 6739 ||| RETREATING.
  6808 | D:9      | 6808 ||| Stepping ~*~*~tactically~*~*~ (outnumbered).
  6841 | D:9      | Found a glowing golden altar of the Shining One.
  7106 | D:9      | Found a hazy altar of Hepliaklqana.
  7128 | D:9      | Reached **** piety under Okawaru
  7239 | D:9      | Found Pitwiu's Distillery.
  7247 | D:9      | 7247 ||| BUYING potion of cancellation (112 gold).
  7247 | D:9      | Bought a potion of cancellation for 112 gold pieces
  7247 | D:9      | 7247 ||| BUYING potion of curing (42 gold).
  7247 | D:9      | Bought a potion of curing for 42 gold pieces
  7247 | D:9      | 7247 ||| BUYING potion of curing (42 gold).
  7247 | D:9      | Bought a potion of curing for 42 gold pieces
  7247 | D:9      | 7247 ||| BUYING potion of curing (42 gold).
  7247 | D:9      | Bought a potion of curing for 42 gold pieces
  7247 | D:9      | 7247 ||| BUYING potion of heal wounds (70 gold).
  7247 | D:9      | Bought a potion of heal wounds for 70 gold pieces
  7247 | D:9      | 7247 ||| BUYING potion of might (56 gold).
  7247 | D:9      | Bought a potion of might for 56 gold pieces
  7357 | D:9      | Noticed a cyclops
  7358 | D:9      | 7358 ||| INVOKING Heroism.
  7370 | D:9      | Killed a cyclops
  7371 | D:9      | Reached skill level 13 in Ranged Weapons
  7437 | D:9      | 7437 ||| PLANNING LAIR
  7437 | D:9      | 7437 ||| DROPPING +0 ring mail of poison resistance.
  7438 | D:9      | 7438 ||| UPGRADING to ring of positive energy.
  7439 | D:9      | 7439 ||| READING scroll labelled YROONU KIMO.
  7482 | Lair:1   | Entered Level 1 of the Lair of Beasts
  7482 | Lair:1   | Noticed a black mamba
  7483 | Lair:1   | 7483 ||| INVOKING Heroism.
  7487 | Lair:1   | Killed a black mamba
  7525 | Lair:1   | Noticed Gastronok
  7526 | Lair:1   | 7526 ||| INVOKING Heroism.
  7527 | Lair:1   | 7527 ||| RETREATING.
  7537 | Lair:1   | 7537 ||| Stepping ~*~*~tactically~*~*~ (retreating).
  7538 | Lair:1   | 7538 ||| Stepping ~*~*~tactically~*~*~ (retreating).
  7539 | Lair:1   | 7539 ||| Stepping ~*~*~tactically~*~*~ (retreating).
  7540 | Lair:1   | 7540 ||| Stepping ~*~*~tactically~*~*~ (retreating).
  7548 | Lair:1   | 7548 ||| FLEEEEING.
  7549 | Lair:1   | 7549 ||| FLEEEEING.
  7550 | Lair:1   | 7550 ||| RETREATING.
  7556 | Lair:1   | Reached XP level 11. HP: 51/69 MP: 14/14
  7556 | Lair:1   | 7556 ||| FLEEEEING.
  7557 | Lair:1   | 7557 ||| FLEEEEING.
  7558 | Lair:1   | 7558 ||| FLEEEEING.
  7559 | Lair:1   | 7559 ||| FLEEEEING.
  7560 | Lair:1   | 7560 ||| STAIRDANCE
  7616 | Lair:1   | 7616 ||| STAIRDANCE
  7623 | D:9      | Reached skill level 9 in Fighting
  7701 | Lair:1   | Reached skill level 3 in Armour
  7729 | Lair:1   | Noticed Erica
  7730 | Lair:1   | 7730 ||| INVOKING Heroism.
  7736 | Lair:1   | 7736 ||| Stepping ~*~*~tactically~*~*~ (retreating).
  7737 | Lair:1   | 7737 ||| Stepping ~*~*~tactically~*~*~ (retreating).
  7741 | Lair:1   | Killed Erica
  7801 | Lair:1   | 7801 ||| INVOKING Heroism.
  7819 | Lair:1   | Killed Gastronok
  7819 | Lair:1   | Received a gift from Okawaru
  7819 | Lair:1   | Reached ***** piety under Okawaru
  7820 | Lair:1   | Reached skill level 6 in Invocations
  7924 | Lair:1   | Noticed Nergalle
  7925 | Lair:1   | 7925 ||| INVOKING Heroism.
  7932 | Lair:1   | 7932 ||| Stepping ~*~*~tactically~*~*~ (retreating).
  7933 | Lair:1   | 7933 ||| Stepping ~*~*~tactically~*~*~ (retreating).
  7934 | Lair:1   | 7934 ||| Stepping ~*~*~tactically~*~*~ (retreating).
  7936 | Lair:1   | 7936 ||| Stepping ~*~*~tactically~*~*~ (retreating).
  7937 | Lair:1   | 7937 ||| Stepping ~*~*~tactically~*~*~ (retreating).
  7938 | Lair:1   | 7938 ||| Stepping ~*~*~tactically~*~*~ (retreating).
  7939 | Lair:1   | 7939 ||| Stepping ~*~*~tactically~*~*~ (retreating).
  7940 | Lair:1   | 7940 ||| Stepping ~*~*~tactically~*~*~ (retreating).
  7958 | Lair:1   | Killed Nergalle
  7960 | Lair:1   | 7960 ||| INVOKING Heroism.
  8162 | Lair:1   | 8162 ||| RETREATING.
  8168 | Lair:1   | 8168 ||| Stepping ~*~*~tactically~*~*~ (retreating).
  8169 | Lair:1   | 8169 ||| Stepping ~*~*~tactically~*~*~ (retreating).
  8170 | Lair:1   | 8170 ||| Stepping ~*~*~tactically~*~*~ (retreating).
  8171 | Lair:1   | 8171 ||| Stepping ~*~*~tactically~*~*~ (retreating).
  8172 | Lair:1   | 8172 ||| Stepping ~*~*~tactically~*~*~ (retreating).
  8174 | Lair:1   | 8174 ||| Stepping ~*~*~tactically~*~*~ (retreating).
  8180 | Lair:1   | 8180 ||| INVOKING Heroism.
  8222 | Lair:1   | HP: 17/71 [bullfrog (4)]
  8223 | Lair:1   | 8223 ||| READING 3 scrolls of teleportation.
  8223 | Lair:1   | HP: 5/71 [elephant (12)]
  8224 | Lair:1   | 8224 ||| DRINKING 6 potions of heal wounds.
  8454 | Lair:1   | 8454 ||| RETREATING.
  8483 | Lair:1   | 8483 ||| INVOKING Heroism.
  8515 | Lair:1   | Reached skill level 14 in Ranged Weapons
  8552 | Lair:1   | 8552 ||| INVOKING Heroism.
  8829 | Lair:1   | 8829 ||| INVOKING Heroism.
  8926 | Lair:1   | Reached XP level 12. HP: 76/76 MP: 18/18
  9005 | Lair:1   | Reached skill level 9 in Invocations
  9077 | Lair:1   | 9077 ||| READING scroll labelled VEYRAE BABONY.
  9078 | Lair:1   | 9078 ||| DRINKING 3 red potions.
  9079 | Lair:1   | 9079 ||| DRINKING 5 potions of curing.
  9079 | Lair:1   | 9079 ||| (to cure confusion)
  9080 | Lair:1   | 9080 ||| DROPPING 2 potions of ambrosia.
  9097 | Lair:2   | 9097 ||| RETREATING.
  9101 | Lair:2   | 9101 ||| RETREATING.
  9103 | Lair:2   | 9103 ||| Stepping ~*~*~tactically~*~*~ (retreating).
  9104 | Lair:2   | 9104 ||| Stepping ~*~*~tactically~*~*~ (retreating).
  9116 | Lair:2   | 9116 ||| INVOKING Heroism.
  9327 | Lair:2   | Found a hole to the Spider Nest.
  9389 | Lair:2   | 9389 ||| INVOKING Heroism.
  9436 | Lair:2   | 9436 ||| RETREATING.
  9441 | Lair:2   | 9441 ||| Stepping ~*~*~tactically~*~*~ (retreating).
  9446 | Lair:2   | 9446 ||| Stepping ~*~*~tactically~*~*~ (retreating).
  9447 | Lair:2   | 9447 ||| Stepping ~*~*~tactically~*~*~ (retreating).
  9448 | Lair:2   | 9448 ||| Stepping ~*~*~tactically~*~*~ (retreating).
  9449 | Lair:2   | 9449 ||| Stepping ~*~*~tactically~*~*~ (retreating).
  9450 | Lair:2   | 9450 ||| Stepping ~*~*~tactically~*~*~ (retreating).
  9451 | Lair:2   | 9451 ||| Stepping ~*~*~tactically~*~*~ (retreating).
  9462 | Lair:2   | 9462 ||| INVOKING Heroism.
  9728 | Lair:2   | 9728 ||| INVOKING Heroism.
  9731 | Lair:2   | Identified the +3 bardiche of the Heavens {flame, rF+ rC+
                  | Dex+2} (Okawaru gifted it to you on level 2 of the Lair of
                  | Beasts)
  9731 | Lair:2   | Received a gift from Okawaru
  9760 | Lair:2   | 9760 ||| Stepping ~*~*~tactically~*~*~ (retreating).
  9761 | Lair:2   | 9761 ||| Stepping ~*~*~tactically~*~*~ (retreating).
  9762 | Lair:2   | 9762 ||| Stepping ~*~*~tactically~*~*~ (retreating).
  9763 | Lair:2   | 9763 ||| Stepping ~*~*~tactically~*~*~ (retreating).
  9764 | Lair:2   | 9764 ||| Stepping ~*~*~tactically~*~*~ (retreating).
  9765 | Lair:2   | 9765 ||| Stepping ~*~*~tactically~*~*~ (retreating).
  9766 | Lair:2   | 9766 ||| Stepping ~*~*~tactically~*~*~ (retreating).
  9776 | Lair:2   | 9776 ||| INVOKING Heroism.
  9917 | Lair:2   | Found a staircase to the Shoals.
  9930 | Lair:2   | 9930 ||| INVOKING Heroism.
 10145 | Lair:2   | 10145 ||| RETREATING.
 10146 | Lair:2   | 10146 ||| Stepping ~*~*~tactically~*~*~ (retreating).
 10147 | Lair:2   | 10147 ||| Stepping ~*~*~tactically~*~*~ (retreating).
 10148 | Lair:2   | 10148 ||| Stepping ~*~*~tactically~*~*~ (retreating).
 10149 | Lair:2   | 10149 ||| Stepping ~*~*~tactically~*~*~ (retreating).
 10193 | Lair:2   | Reached skill level 15 in Ranged Weapons
 10309 | Lair:2   | 10309 ||| READING scroll labelled MARCHO HISILI.
 10361 | Lair:3   | 10361 ||| RETREATING.
 10376 | Lair:3   | 10376 ||| INVOKING Heroism.
 10471 | Lair:3   | 10471 ||| INVOKING Heroism.
 10473 | Lair:3   | 10473 ||| Stepping ~*~*~tactically~*~*~ (retreating).
 10475 | Lair:3   | 10475 ||| Stepping ~*~*~tactically~*~*~ (retreating).
 10493 | Lair:3   | Identified the +6 scale mail "Jodahe" {Will+ Int+3}
                  | (Okawaru gifted it to you on level 3 of the Lair of Beasts)
 10493 | Lair:3   | Received a gift from Okawaru
 10505 | Lair:3   | Reached skill level 16 in Ranged Weapons
 10646 | Lair:3   | Identified the +0 leather armour of Sank {*Corrode rElec
                  | MP+9 Slay+4}
 10679 | Lair:3   | 10679 ||| RETREATING.
 10685 | Lair:3   | 10685 ||| Stepping ~*~*~tactically~*~*~ (retreating).
 10688 | Lair:3   | 10688 ||| Stepping ~*~*~tactically~*~*~ (retreating).
 10689 | Lair:3   | 10689 ||| Stepping ~*~*~tactically~*~*~ (retreating).
 10691 | Lair:3   | 10691 ||| Stepping ~*~*~tactically~*~*~ (retreating).
 10692 | Lair:3   | 10692 ||| Stepping ~*~*~tactically~*~*~ (retreating).
 10693 | Lair:3   | 10693 ||| Stepping ~*~*~tactically~*~*~ (retreating).
 10694 | Lair:3   | 10694 ||| Stepping ~*~*~tactically~*~*~ (retreating).
 10695 | Lair:3   | 10695 ||| Stepping ~*~*~tactically~*~*~ (retreating).
 10700 | Lair:3   | Reached XP level 13. HP: 58/82 MP: 20/20
 10703 | Lair:3   | 10703 ||| INVOKING Heroism.
 10708 | Lair:3   | Reached skill level 6 in Dodging
 10896 | Lair:3   | 10896 ||| RETREATING.
 10909 | Lair:3   | 10909 ||| Stepping ~*~*~tactically~*~*~ (retreating).
 10910 | Lair:3   | 10910 ||| Stepping ~*~*~tactically~*~*~ (retreating).
 10911 | Lair:3   | 10911 ||| Stepping ~*~*~tactically~*~*~ (retreating).
 10912 | Lair:3   | 10912 ||| Stepping ~*~*~tactically~*~*~ (retreating).
 10913 | Lair:3   | 10913 ||| Stepping ~*~*~tactically~*~*~ (retreating).
 10914 | Lair:3   | 10914 ||| Stepping ~*~*~tactically~*~*~ (retreating).
 10915 | Lair:3   | 10915 ||| Stepping ~*~*~tactically~*~*~ (retreating).
 10917 | Lair:3   | 10917 ||| Stepping ~*~*~tactically~*~*~ (retreating).
 11118 | Lair:3   | 11118 ||| RETREATING.
 11217 | Lair:3   | Found a runed translucent door.
 11245 | Lair:3   | 11245 ||| RETREATING.
 11257 | Lair:3   | 11257 ||| Stepping ~*~*~tactically~*~*~ (retreating).
 11316 | Lair:3   | 11316 ||| INVOKING Heroism.
 11317 | Lair:3   | 11317 ||| INVOKING Finesse.
 11324 | Lair:3   | Identified the +1 scale mail of Decompression {rN+++ MP-9
                  | Int+3 SInv} (Okawaru gifted it to you on level 3 of the
                  | Lair of Beasts)
 11324 | Lair:3   | Received a gift from Okawaru
 11697 | Lair:3   | 11697 ||| DROPPING +0 leather armour of Sank {*Corrode
                  | rElec MP+9 Slay+4}.
 11698 | Lair:3   | 11698 ||| UPGRADING to +0 pair of boots.
 11712 | Lair:4   | 11712 ||| INVOKING Heroism.
 11762 | Lair:4   | 11762 ||| INVOKING Heroism.
 11763 | Lair:4   | 11763 ||| RETREATING.
 11769 | Lair:4   | 11769 ||| Stepping ~*~*~tactically~*~*~ (retreating).
 11885 | Lair:4   | 11885 ||| INVOKING Heroism.
 11886 | Lair:4   | 11886 ||| INVOKING Finesse.
 11889 | Lair:4   | 11889 ||| RETREATING.
 11902 | Lair:4   | Reached skill level 12 in Fighting
 11914 | Lair:4   | 11914 ||| RETREATING.
 11989 | Lair:4   | 11989 ||| FLEEEEING.
 11990 | Lair:4   | 11990 ||| FLEEEEING.
 11991 | Lair:4   | 11991 ||| STAIRDANCE
 12043 | Lair:4   | 12043 ||| INVOKING Heroism.
 12175 | Lair:4   | 12175 ||| INVOKING Heroism.
 12176 | Lair:4   | 12176 ||| INVOKING Finesse.
 12177 | Lair:4   | 12177 ||| INVOKING Finesse.
 12223 | Lair:4   | 12223 ||| INVOKING Heroism.
 12269 | Lair:4   | 12269 ||| RETREATING.
 12271 | Lair:4   | 12271 ||| INVOKING Heroism.
 12274 | Lair:4   | 12274 ||| Stepping ~*~*~tactically~*~*~ (retreating).
 12275 | Lair:4   | 12275 ||| Stepping ~*~*~tactically~*~*~ (retreating).
 12276 | Lair:4   | 12276 ||| Stepping ~*~*~tactically~*~*~ (retreating).
 12277 | Lair:4   | 12277 ||| Stepping ~*~*~tactically~*~*~ (retreating).
 12278 | Lair:4   | 12278 ||| Stepping ~*~*~tactically~*~*~ (retreating).
 12686 | Lair:5   | Entered Level 5 of the Lair of Beasts
 12687 | Lair:5   | 12687 ||| INVOKING Heroism.
 12749 | Lair:5   | 12749 ||| STAIRDANCE
 12815 | Lair:5   | 12815 ||| STAIRDANCE
 12817 | Lair:4   | 12817 ||| INVOKING Heroism.
 12946 | Lair:5   | 12946 ||| RETREATING.
 12947 | Lair:5   | 12947 ||| Stepping ~*~*~tactically~*~*~ (retreating).
 12948 | Lair:5   | 12948 ||| Stepping ~*~*~tactically~*~*~ (retreating).
 12949 | Lair:5   | 12949 ||| Stepping ~*~*~tactically~*~*~ (retreating).
 12950 | Lair:5   | 12950 ||| Stepping ~*~*~tactically~*~*~ (retreating).
 12953 | Lair:5   | 12953 ||| Stepping ~*~*~tactically~*~*~ (retreating).
 12960 | Lair:5   | 12960 ||| INVOKING Heroism.
 12969 | Lair:5   | HP: 13/88 [elephant (14)]
 12970 | Lair:5   | 12970 ||| READING 2 scrolls of teleportation.
 12970 | Lair:5   | HP: 3/88 [elephant (6)]
 12971 | Lair:5   | 12971 ||| DRINKING 7 potions of heal wounds.
 12973 | Lair:5   | 12973 ||| DRINKING 6 potions of heal wounds.
 13143 | Lair:5   | Found a dark tunnel.
 13174 | Lair:5   | 13174 ||| INVOKING Heroism.
 13177 | Lair:5   | 13177 ||| RETREATING.
 13180 | Lair:5   | 13180 ||| Stepping ~*~*~tactically~*~*~ (retreating).
 13183 | Lair:5   | Gained mutation: Your large and strong wings let you fly.
                  | [Gargoyle growth]
 13183 | Lair:5   | Reached XP level 14. HP: 94/94 MP: 19/21
 13188 | Lair:5   | 13188 ||| INVOKING Finesse.
 13305 | Lair:5   | Reached skill level 6 in Armour
 13409 | Lair:5   | Identified the +2 ring mail of the Evening Star {Slay+2}
                  | (Okawaru gifted it to you on level 5 of the Lair of Beasts)
 13409 | Lair:5   | Received a gift from Okawaru
 13540 | Lair:5   | Noticed Nessos
 13541 | Lair:5   | 13541 ||| INVOKING Finesse.
 13545 | Lair:5   | Killed Nessos
 13607 | Lair:5   | 13607 ||| INVOKING Heroism.
 13608 | Lair:5   | 13608 ||| INVOKING Finesse.
 13650 | Lair:5   | Found a staircase to the Slime Pits.
 13651 | Lair:5   | 13651 ||| INVOKING Heroism.
 13667 | Lair:5   | 13667 ||| SWAPPING to +2 longbow of flaming.
 13668 | Lair:5   | 13668 ||| DROPPING +2 heavy orcbow.
 13674 | Lair:5   | 13674 ||| READING scroll of enchant weapon.
 13674 | Lair:5   | 13674 ||| ENCHANTING +2 longbow of flaming.
 13707 | Lair:5   | 13707 ||| RETREATING.
 13720 | Lair:5   | 13720 ||| INVOKING Heroism.
 13842 | Lair:5   | 13842 ||| RETREATING.
 13844 | Lair:5   | 13844 ||| INVOKING Heroism.
 13846 | Lair:5   | 13846 ||| Stepping ~*~*~tactically~*~*~ (retreating).
 13885 | Lair:5   | 13885 ||| INVOKING Heroism.
 14162 | Lair:5   | Reached skill level 17 in Ranged Weapons
 14653 | Lair:5   | 14653 ||| INVOKING Heroism.
 14750 | Lair:5   | Noticed a dire elephant
 14752 | Lair:5   | 14752 ||| RETREATING.
 14753 | Lair:5   | 14753 ||| INVOKING Heroism.
 14768 | Lair:5   | Killed a dire elephant
 14949 | Lair:5   | 14949 ||| PLANNING D:1-11
 14949 | Lair:5   | 14949 ||| DROPPING +2 ring mail of positive energy.
 14950 | Lair:5   | 14950 ||| DROPPING +0 acid dragon scales.
 15081 | D:10     | Entered Level 10 of the Dungeon
 15083 | D:10     | 15083 ||| STAIRDANCE
 15090 | D:10     | 15090 ||| STAIRDANCE
 15143 | D:10     | Found Aaxiabueb's Alliterative Armaments.
 15200 | D:10     | Identified the +2 robe of Cadoesua {*Corrode Fly Str+3
                  | Dex+4}
 15208 | D:10     | 15208 ||| Stepping ~*~*~tactically~*~*~ (outnumbered).
 15210 | D:10     | 15210 ||| Stepping ~*~*~tactically~*~*~ (outnumbered).
 15212 | D:10     | 15212 ||| Stepping ~*~*~tactically~*~*~ (outnumbered).
 15215 | D:10     | 15215 ||| Stepping ~*~*~tactically~*~*~ (outnumbered).
 15217 | D:10     | 15217 ||| Stepping ~*~*~tactically~*~*~ (outnumbered).
 15220 | D:10     | 15220 ||| Stepping ~*~*~tactically~*~*~ (outnumbered).
 15306 | D:10     | 15306 ||| Stepping ~*~*~tactically~*~*~ (outnumbered).
 15595 | D:10     | 15595 ||| INVOKING Heroism.
 15596 | D:10     | 15596 ||| INVOKING Finesse.
 15601 | D:10     | 15601 ||| RETREATING.
 15609 | D:10     | 15609 ||| Stepping ~*~*~tactically~*~*~ (retreating).
 15728 | D:10     | Reached skill level 18 in Ranged Weapons
 15752 | D:10     | 15752 ||| DROPPING +2 robe of Cadoesua {*Corrode Fly Str+3
                  | Dex+4}.
 15753 | D:10     | 15753 ||| READING 12 scrolls of identify.
 15753 | D:10     | 15753 ||| IDENTIFYING murky amethyst potion
 15754 | D:10     | 15754 ||| DROPPING potion of degeneration.
 15817 | D:11     | 15817 ||| RETREATING.
 15818 | D:11     | 15818 ||| Stepping ~*~*~tactically~*~*~ (retreating).
 15843 | D:11     | Reached XP level 15. HP: 100/100 MP: 22/22
 15907 | D:11     | 15907 ||| FLEEEEING.
 15908 | D:11     | 15908 ||| FLEEEEING.
 15909 | D:11     | 15909 ||| FLEEEEING.
 15910 | D:11     | 15910 ||| FLEEEEING.
 15911 | D:11     | 15911 ||| FLEEEEING.
 15914 | D:11     | 15914 ||| FLEEEEING.
 15915 | D:11     | 15915 ||| FLEEEEING.
 15916 | D:11     | 15916 ||| FLEEEEING.
 15917 | D:11     | 15917 ||| FLEEEEING.
 15918 | D:11     | 15918 ||| FLEEEEING.
 15919 | D:11     | 15919 ||| FLEEEEING.
 15990 | D:11     | 15990 ||| Stepping ~*~*~tactically~*~*~ (outnumbered).
 15992 | D:11     | 15992 ||| Stepping ~*~*~tactically~*~*~ (outnumbered).
 15996 | D:11     | 15996 ||| DRINKING 8 potions of curing.
 15996 | D:11     | 15996 ||| (to cure confusion)
 16230 | D:11     | Found a shadowy altar of Dithmenos.
 16329 | D:11     | Found a staircase to the Orcish Mines.
 16558 | D:11     | 16558 ||| PLANNING D
 16558 | D:11     | 16558 ||| READING scroll labelled UMUOGH WEMEG.
 16559 | D:11     | 16559 ||| READING 12 scrolls of identify.
 16559 | D:11     | 16559 ||| IDENTIFYING viscous brown potion
 16560 | D:11     | 16560 ||| DROPPING potion of lignification.
 16615 | D:12     | Received a gift from Okawaru
 16643 | D:12     | Noticed Rupert
 16644 | D:12     | 16644 ||| RETREATING.
 16650 | D:12     | 16650 ||| INVOKING Heroism.
 16652 | D:12     | 16652 ||| INVOKING Finesse.
 16673 | D:12     | Killed Rupert
 17051 | D:12     | Found a transporter.
 17056 | D:12     | Found the +3 Mad Mage's Maulers {Infuse+∞ VampMP -Cast}
 17116 | D:12     | Found a bloodstained altar of Trog.
 17125 | D:12     | Found a transporter.
 17126 | D:12     | Noticed BraveToast's ghost (journeyman FoFi)
 17165 | D:12     | 17165 ||| FLEEEEING.
 17166 | D:12     | 17166 ||| FLEEEEING.
 17167 | D:12     | 17167 ||| FLEEEEING.
 17168 | D:12     | 17168 ||| FLEEEEING.
 17392 | D:12     | Noticed Kirke
 17393 | D:12     | 17393 ||| INVOKING Heroism.
 17394 | D:12     | 17394 ||| INVOKING Finesse.
 17405 | D:12     | Killed Kirke
 17406 | D:12     | Reached skill level 19 in Ranged Weapons
 17481 | D:12     | 17481 ||| INVOKING Heroism.
 17482 | D:12     | 17482 ||| INVOKING Finesse.
 17534 | D:12     | 17534 ||| INVOKING Heroism.
 17728 | D:12     | 17728 ||| READING scroll labelled DUAROFROUBB.
 17787 | D:13     | 17787 ||| INVOKING Heroism.
 17925 | Abyss:2  | Cast into level 2 of the Abyss (a wizard)
 18005 | Abyss:2  | 18005 ||| RETREATING.
 18006 | Abyss:2  | 18006 ||| Stepping ~*~*~tactically~*~*~ (retreating).
 18007 | Abyss:2  | 18007 ||| Stepping ~*~*~tactically~*~*~ (retreating).
 18009 | Abyss:2  | HP: 25/100 [hell hog/fireball (18)]
 18010 | Abyss:2  | 18010 ||| READING scroll of teleportation.
 18011 | Abyss:2  | 18011 ||| DRINKING 5 potions of heal wounds.
 18012 | Abyss:2  | 18012 ||| INVOKING Heroism.
 18014 | Abyss:2  | 18014 ||| DRINKING 4 potions of heal wounds.
 18014 | Abyss:2  | HP: 18/100 [hell hog/fireball (15)]
 18015 | Abyss:2  | 18015 ||| DRINKING 3 potions of heal wounds.
 18019 | Abyss:2  | 18019 ||| DRINKING 2 potions of heal wounds.
 18021 | Abyss:2  | HP: 15/100 [hell hog/fireball (21)]
 18022 | Abyss:2  | 18022 ||| DRINKING potion of heal wounds.
 18024 | Abyss:2  | HP: 3/100 [hell hog/fireball (16)]
 18111 | Abyss:2  | 18111 ||| INVOKING Heroism.
 18121 | Abyss:2  | HP: 21/100 [large abomination (16)]
 18158 | Abyss:2  | 18158 ||| INVOKING Heroism.
 18233 | Abyss:2  | 18233 ||| INVOKING Heroism.
 18275 | Abyss:2  | Noticed a profane servitor
 18279 | Abyss:2  | 18279 ||| INVOKING Heroism.
 18289 | Abyss:2  | HP: 20/100 [large abomination (6)]
 18292 | Abyss:2  | Mangled by a large abomination

Levels and vault maps discovered:
D:1:      dpeg_chamrin_arrival_tetris, layout_basic,
          hellmonk_ecumenical_altar_defaced_shrine, serial_shops, shop,
          minmay_misc_feat_enclosed
D:2:      layout_rooms, nicolae_the_louvre, uniq_jessica
D:3:      layout_basic, minmay_liquid_box, uniq_robin
D:4:      layout_gridville, hangedman_glass_teeth, nicolae_letterblocks
          [nicolae_letter_subblock, nicolae_letter_subblock,
          nicolae_letter_subblock, nicolae_letter_subblock,
          nicolae_letter_subblock, nicolae_letter_subblock,
          nicolae_letter_subblock, nicolae_letter_subblock,
          nicolae_letter_subblock, nicolae_letter_subblock,
          nicolae_letter_subblock, nicolae_letter_subblock,
          nicolae_letter_subblock, nicolae_letter_subblock,
          nicolae_letter_subblock, nicolae_letter_subblock,
          nicolae_letter_subblock, nicolae_letter_subblock,
          nicolae_letter_subblock, nicolae_letter_subblock,
          nicolae_letter_subblock, nicolae_letter_subblock,
          nicolae_letter_subblock, nicolae_letter_subblock,
          nicolae_letter_subblock]
D:5:      layout_basic, mainiacjoe_overflow_boulevard,
          minmay_fractal_squares_gapless_5
D:6:      layout_loops_cross, mainiacjoe_overflow_two_lobes,
          kennysheep_cross_room
D:7:      layout_loops_ring, minmay_temple_entry_nine_rooms, serial_undead,
          serial_undead_a, serial_undead_c, serial_undead_c, serial_undead_f,
          serial_undead_d
D:8:      layout_rooms, serial_rivers, chequers_serial_rivers_micro_d,
          chequers_serial_rivers_small_a, chequers_serial_rivers_small_b,
          chequers_serial_rivers_micro_e, grunt_ministairs_13
D:9:      layout_basic, general_overflow_altar, mainiacjoe_overflow_catwalk,
          mainiacjoe_overflow_24_doors, david_lair_generic, serial_shops,
          nicolae_shop_gibbet_a_chance, st_stairs_3
D:10:     layout_roguey, monkooky_shop_alliterative
D:11:     layout_roguey, hiddenorc1_lemuel, nicolae_eternal_life,
          nicolae_dithmenos_the_darkroom
D:12:     layout_cave_pods, gammafunk_ghost_wrathful_warriors,
          minmay_more_statues, uniq_kirke, uniq_rupert
D:13:     layout_roguey
Lair:1:   layout_loops_ring, uniq_gastronok, uniq_erica, uniq_nergalle
Lair:2:   layout_chaotic_city, elwin_shoals_entry_stream,
          hellmonk_spider_entry_life_and_decay
Lair:3:   layout_long_grid, serial_bayou_pond_a, pf_torpor_hydra
Lair:4:   layout_cave_shapes, grunt_megastairs_2
Lair:5:   grunt_lair_end_beastmaster, layout_cave_pods,
          minmay_slime_entry_oklob_open, nicolae_volcano_entry_two_sided,
          serial_bayou_shore_b, uniq_nessos
Abyss:2:  base: Lair:3, hangedman_classic_abyss_death

Skill      XL: |  1  2  3  4  5  6  7  8  9 10 11 12 13 14 15 |
---------------+----------------------------------------------+-----
Ranged Weapons | 5 6 7 8 9 11 13 14 16 18 19 | 19.4
Armour         | 1 2 3 5 6 |  6.1
Fighting       | 3 4 5 6 7 8 9 10 13 14 | 14.0
Dodging        | 2 3 4 5 7 8 |  8.2
Invocations    | 3 4 8 10 | 10.0
Stealth        | |  1.1

Action                     |  1- 3 |  4- 6 |  7- 9 | 10-12 | 13-15 || total
---------------------------+-------+-------+-------+-------+-------++-------
   Fire: Shortbow          |   103 |    20 |       |       |       ||   123
         Orcbow            |       |   152 |   483 |   589 |   316 ||  1540
         Longbow           |       |       |       |       |   642 ||   642
 Invoke: Heroism           |       |       |    11 |    21 |    31 ||    63
         Finesse           |       |       |       |       |    10 ||    10
    Use: Potion            |     3 |     3 |     4 |     3 |     8 ||    21
         Scroll            |     3 |     3 |     8 |     6 |     7 ||    27
 Armour: Leather armour    |    17 |    29 |   289 |   284 |   417 ||  1036
         Ring mail         |    16 |       |       |       |       ||    16
         Robe              |       |    23 |       |       |       ||    23
  Dodge: Dodged            |    31 |    47 |   286 |   432 |   470 ||  1266

Table legend:
 A = Non-vault XP
 B = Vault XP
 C = Vault XP percentage of total XP
 D = Non-vault monster count
 E = Vault monster count
 F = Vault count percentage of total count
                 A         B        C        D         E       F
            +---------+---------+-------+---------+---------+-------
      Total |   82070 |   23520 |  22.3 |     427 |      87 |  16.9
            +---------+---------+-------+---------+---------+-------
        D:1 |      54 |       8 |  12.9 |      25 |       2 |   7.4
        D:2 |      39 |      37 |  48.7 |      11 |       1 |   8.3
        D:3 |      76 |      24 |  24.0 |      14 |      12 |  46.2
        D:4 |     582 |      15 |   2.5 |      18 |       1 |   5.3
        D:5 |     302 |     144 |  32.3 |      18 |       3 |  14.3
        D:6 |     378 |       0 |   0.0 |      12 |       0 |   0.0
        D:7 |     919 |     523 |  36.3 |      18 |      10 |  35.7
        D:8 |    1535 |      91 |   5.6 |      29 |       2 |   6.5
        D:9 |    3015 |    1415 |  31.9 |      20 |       6 |  23.1
       D:10 |    6381 |       0 |   0.0 |      37 |       0 |   0.0
       D:11 |    3937 |     253 |   6.0 |      21 |      17 |  44.7
       D:12 |    6275 |    4579 |  42.2 |      27 |       4 |  12.9
       D:13 |    1623 |       0 |   0.0 |       2 |       0 |   0.0
     Lair:1 |    7033 |    3024 |  30.1 |      25 |       3 |  10.7
     Lair:2 |    6282 |    1793 |  22.2 |      32 |       6 |  15.8
     Lair:3 |   12050 |       0 |   0.0 |      38 |       0 |   0.0
     Lair:4 |   10426 |    1147 |   9.9 |      24 |       2 |   7.7
     Lair:5 |   17260 |   10467 |  37.8 |      42 |      18 |  30.0
    Abyss:2 |    3903 |       0 |   0.0 |      14 |       0 |   0.0
            +---------+---------+-------+---------+---------+-------
